 Dungeon Crawl Stone Soup version 0.31-a0-662-g684573625c (webtiles) character file.

Game seed: 6712487565959148939

16 subawu the Grasshopper (level 3, -3/22 HPs)
             Began as a Meteoran Warper on Sept 1, 2023.
             Slain by Natasha (4 damage)
             ... on level 2 of the Dungeon.
             The game lasted 00:03:16 (767 turns).

subawu the Grasshopper (Meteoran Warper)             Turns: 767, Time: 00:03:16

Health: -3/22      AC:  4    Str: 14    XL:     3   Next: 0%
Magic:  8/8        EV: 12    Int: 14    God:
Gold:   13         SH:  0    Dex: 14    Spells: 5/7 levels left

rFire   . . .        a - +0 mace
rCold   . . .        (no shield)
rNeg    . . .        b - +0 leather armour
rPois   .            (no helmet)
rElec   .            e - +0 cloak
rCorr   .            (no gloves)
SInv    .            (no boots)
Will    .....        (no amulet)
Stlth   +            (no ring)
HPRegen 0.23/turn    (no ring)
MPRegen 0.11/turn

%: no passive effects
@: glowing
A: sense surroundings 1, otherworldly, glowing, explore regen
a: no special abilities


You were on level 2 of the Dungeon.
You visited 1 branch of the dungeon, and saw 2 of its levels.

You collected 13 gold pieces.

Inventory:

Hand Weapons
 a - a +0 mace (weapon)
Missiles
 d - 7 darts of dispersal (quivered)
 h - 2 throwing nets
Armour
 b - a +0 leather armour (worn)
 e - a +0 cloak (worn)
Scrolls
 c - a scroll of immolation {unknown}
Potions
 f - a potion of heal wounds {unknown}
 g - a potion of curing {unknown}
 i - a potion of enlightenment {unknown}


   Skills:
 + Level 2.1 Fighting
 + Level 2.9 Maces & Flails
 + Level 1.2 Throwing
 + Level 1.3 Armour
 + Level 2.2 Dodging
 + Level 2.8 Spellcasting
 + Level 4.3 Translocations


You had 5 spell levels left.
You knew the following spells:

 Your Spells              Type           Power      Damage    Failure   Level
a - Blink                 Tloc           28%        N/A       7%          2

Your spell library contained the following spells:

 Spells                   Type           Power      Damage    Failure   Level
 Lesser Beckoning         Tloc           28%        N/A       7%          2
 Teleport Other           Tloc           14%        N/A       14%         3
 Manifold Assault         Tloc           14%        N/A       41%         4
 Vhi's Electric Charge    Tloc/Air       16%        N/A       73%         4


Dungeon Overview and Level Annotations

Branches:
Dungeon (2/15) Zot: 611

Altars:

Annotations:
D:2 Natasha


Innate Abilities, Weirdness & Mutations

You passively map a small area around you.
You are easily found by Zot.
You glow in the dark.
You regain HP and MP as you explore.


Message History

You hit the giant cockroach.
You kill the giant cockroach!
You have reached level 3!
Your experience leads to an increase in your attributes!
Increase (S)trength, (I)ntelligence, or (D)exterity?
You feel stronger. x2; You feel agile.
HP restored.
You now have 13 gold pieces (gained 6).
c - a scroll labelled IHUYCOUMU Natasha, Servant of Life and Death comes into view.
Natasha hisses angrily.
You see here 11 gold pieces.
Natasha is nearby!
Natasha howls an incantation.
Natasha glows brightly for a moment.
Natasha stares at you and mumbles some strange words.
The magic dart hits you.
You open the door.
Natasha mumbles some strange words.
The cerulean imp hits you from afar with a +1 spear.
There is an open door here.
You closely miss Natasha. Natasha casts a spell at you.
The magic dart hits you. The cerulean imp barely misses you.
You miss Natasha. Natasha misses you.
The cerulean imp hits you but does no damage.
You hit Natasha but do no damage. Natasha closely misses you.
The cerulean imp hits you from afar with a +1 spear.
Natasha claws you.
You barely miss Natasha.
The cerulean imp hits you from afar with a +1 spear.
Natasha howls an incantation.
Natasha shimmers violently.
Natasha claws you.
* * * LOW HITPOINT WARNING * * *
The cerulean imp hits you from afar with a +1 spear.
* * * LOW HITPOINT WARNING * * *
You hit Natasha but do no damage. Natasha claws you.
You die...
Natasha begins licking her fur clean.

#.##### , ,
#.....# * ** *
#.....#
####.....#
#........####
#........+..##
#.....#....5.##
+ ,
###....#......#
* #....$.@h..#
* #....#######
* #....# *
#..... * * *
##.... #.....
,* #..... ,,
#... * *


You could see Natasha and a cerulean imp (summoned).

Vanquished Creatures
  A dart slug (D:1)
  2 bats (D:1)
  2 endoplasms (D:1)
  A giant cockroach (D:2)
  2 kobolds (D:1)
  A quokka (D:1)
  A frilled lizard (D:1)
  3 rats (D:1)
13 creatures vanquished.

Notes
Turn   | Place    | Note
-------+----------+-------------------------------------------
     0 | D:1      | subawu the Meteoran Warper began the quest for the Orb.
     0 | D:1      | Reached XP level 1. HP: 17/17 MP: 5/5
   193 | D:1      | Reached XP level 2. HP: 24/24 MP: 6/6
   211 | D:1      | Reached skill level 4 in Translocations
   221 | D:1      | Learned a level 2 spell: Blink
   481 | D:1      | Glimpsed the power of Zot.
   531 | D:1      | Glimpsed the power of Zot.
   571 | D:1      | Glimpsed the power of Zot.
   581 | D:1      | Touched by the power of Zot (MHP 24 -> 17)
   682 | D:1      | Glimpsed the power of Zot.
   725 | D:2      | Reached XP level 3. HP: 20/22 MP: 8/8
   759 | D:2      | Noticed Natasha
   766 | D:2      | HP: 1/22 [cerulean imp/+1 spear[Natasha] (3)]
   767 | D:2      | Slain by Natasha

Illustrated notes

Levels and vault maps discovered:
D:1:      kilobyte_arrival_exit_the_forest, layout_basic, glass_columns_a,
          chequers_garden
D:2:      wander_river, layout_basic, minivault_5, uniq_crazy_yiuf_cottage,
          uniq_robin, uniq_natasha

Skill      XL: |  1  2 |
---------------+-------+-----
Translocations | 4 |  4.3
Fighting       | |  2.1
Maces & Flails | |  2.9
Throwing       | |  1.2
Armour         | |  1.3
Dodging        | |  2.2
Spellcasting   | |  2.8

Action                     || total
---------------------------++-------
  Melee: Mace              ||    65
    Use: Scroll            ||     1
 Armour: Leather armour    ||    55
  Dodge: Dodged            ||    67

Table legend: (Time is in decaauts)
 A = Elapsed time spent in this place.
 B = Non-inter-level travel time spent in this place.
 C = Inter-level travel time spent in this place.
 D = Time resting spent in this place.
 E = Time spent auto-exploring this place.
 F = Levels seen in this place.
 G = Mean time per level.
                   A        B        C        D        E       F      G
               +--------+--------+--------+--------+--------+-----+--------+
         Total |    787 |    731 |     56 |      0 |    347 |   2 |  393.5 |
       Dungeon |    787 |    731 |     56 |      0 |    347 |   2 |  393.5 |
               +--------+--------+--------+--------+--------+-----+--------+

Top non-repeatable levels by time:
     D:1: 737 daAuts
     D:2: 49 daAuts
